 Dungeon Crawl Stone Soup version 0.19.5 (webtiles) character file.

91 greprep the Magician (level 4, -4/24 HPs)
             Began as a Deep Elf Air Elementalist on May 7, 2017.
             Killed from afar by Sigmund (5 damage)
             ... with a puff of flame
             ... on level 2 of the Dungeon.
             The game lasted 00:03:55 (1380 turns).

greprep the Magician (Deep Elf Air Elementalist)    Turns: 1380, Time: 00:03:56

Health: -4/24      AC:  2    Str:  5    XL:     4   Next: 34%
Magic:  12/12      EV: 13    Int: 21    God:
Gold:   79         SH:  0    Dex: 15    Spells: 1 memorised, 10 levels left

rFire  . . .     SeeInvis .     (no weapon)
rCold  . . .     Gourm    .     a - +0 robe
rNeg   . . .     Faith    .     (no shield)
rPois  .         Spirit   .     (no helmet)
rElec  .         Reflect  .     (no cloak)
rCorr  .         Harm     .     (no gloves)
MR     .....                    (no boots)
Stlth  +.........               (no amulet)
                                (no ring)
                                (no ring)

@: confused
A: no striking features
a: no special abilities


You were on level 2 of the Dungeon.
You were very hungry.

You visited 1 branch of the dungeon, and saw 2 of its levels.

You collected 79 gold pieces.

Inventory:

Missiles
 k - 17 arrows
Armour
 a - a +0 robe (worn)
Scrolls
 d - a scroll of remove curse {unknown}
 i - a scroll of noise {unknown}
 j - a scroll of magic mapping {unknown}
Potions
 e - a potion of magic
 g - a potion of ambrosia {unknown}
 h - a potion of flight {unknown}
Books
 b - a book of Air

   Spells                             Type                      Level
   a - Shock                          Conjuration/Air              1
   b - Swiftness                      Charms/Air                   2
   c - Repel Missiles                 Charms/Air                   2
   d - Static Discharge               Conjuration/Air              3
   e - Lightning Bolt                 Conjuration/Air              5
Comestibles
 c - 2 bread rations
 f - 2 beef jerkies


   Skills:
 + Level 2.6 Dodging
 + Level 2.9 Stealth
 + Level 4.2 Spellcasting
 + Level 2.2 Conjurations
 + Level 3.9 Air Magic


You had 10 spell levels left.
You knew the following spells:

 Your Spells              Type           Power        Failure   Level  Hunger
a - Shock                 Conj/Air       ###.         3%          1    None


Dungeon Overview and Level Annotations

Branches:
Dungeon (2/15)

Altars:

Annotations:
D:2 Sigmund


Message History

Press: ? - help, Shift-Dir - straight line, f/p - Sigmund
Aim: Sigmund, wielding a scythe and wearing a robe (moderately wounded)
The zap hits Sigmund.
Sigmund is heavily wounded.
Casting: Shock
Confirm with . or Enter, or press ? or * to list all spells.
Aiming: Shock
Press: ? - help, Shift-Dir - straight line, f/p - Sigmund
Aim: Sigmund, wielding a scythe and wearing a robe (heavily wounded)
The zap misses Sigmund.
Sigmund hits you from afar with a scythe!
Sigmund casts a spell at you.
You are confused.
Sigmund points at you and mumbles some strange words.
The puff of flame hits you!
* * * LOW HITPOINT WARNING * * *
It was a potion of magic.
Magic courses through your body. Sigmund gestures at you while chanting.
The puff of flame hits you!
You die...

#.#†###..#
#(#.###..# #
#.#...#..##.####
#...............
###............
#...#.###.##
#...#.....#
###...#.....####
.......@........
###...#.........
#...#.)......≈
#...#.###....§
## #@# ...≈≈ #.#
...≈≈
#.......)....§≈≈
...........§§§§§
####.##...§.§§§


You could see Sigmund.

Vanquished Creatures
  4 gnolls (D:2)
  An adder (D:2)
  An ooze (D:2)
  A worm (D:2)
  2 dart slugs (D:1)
  2 leopard geckos (D:1)
  7 bats
  5 goblins
  2 hobgoblins (D:1)
  6 kobolds
  A frilled lizard (D:1)
  2 rats (D:1)
34 creatures vanquished.

Notes
Turn   | Place    | Note
-------+----------+-------------------------------------------
     0 | D:1      | greprep the Deep Elf Air Elementalist began the quest for the Orb.
     0 | D:1      | Reached XP level 1. HP: 10/10 MP: 6/6
   151 | D:1      | Reached XP level 2. HP: 15/15 MP: 1/8
   868 | D:2      | Reached XP level 3. HP: 19/19 MP: 3/10
  1142 | D:2      | Reached skill level 4 in Spellcasting
  1142 | D:2      | Reached XP level 4. HP: 16/24 MP: 4/12
  1366 | D:2      | Noticed Sigmund
  1379 | D:2      | HP: 1/24 [Sigmund/puff of flame (9)]
  1380 | D:2      | Killed from afar by Sigmund

Skill      XL: |  1  2  3 |
---------------+----------+-----
Spellcasting   | 4 |  4.2
Conjurations   | 2 |  2.2
Dodging        | |  2.6
Stealth        | |  2.9
Air Magic      | |  3.9

Action                   |  1- 3 |  4- 6 || total
-------------------------+-------+-------++-------
Melee: Unarmed           |     2 |       ||     2
 Cast: Shock             |    63 |    18 ||    81
  Use: Potion            |       |     1 ||     1
Armor: Robe              |     3 |       ||     3
Dodge: Dodged            |     9 |     4 ||    13
